 Dungeon Crawl Stone Soup version 0.16.1-30-g34a7ffa (webtiles) character file.

123 Stanley the Covered (level 4, -5/40 HPs)
             Began as a Minotaur Fighter on June 25, 2015.
             Killed by divine providence
             ... invoked by an orc priest
              (16 damage)
             ... on level 3 of the Dungeon.
             The game lasted 00:08:15 (1634 turns).

Stanley the Covered (Minotaur Fighter)              Turns: 1634, Time: 00:08:15

Health: -5/40      AC:  7    Str: 21    XL:     4   Next: 80%
Magic:  2/2        EV:  8    Int:  5    God:
Gold:   150        SH: 10    Dex: 10    Spells: 0 memorised, 3 levels left

rFire  . . .     SeeInvis .     a - +0 flail
rCold  . . .     Clarity  .     b - +0 scale mail
rNeg   . . .     SustAb   .     c - +1 shield
rPois  .         Gourm    .     (helmet restricted)
rElec  .         Spirit   .     (no cloak)
rCorr  .         Warding  .     (no gloves)
rMut   .         Stasis   .     (no boots)
MR     +....                    (no amulet)
Stlth  ..........               i - ring of invisibility
                                r - ring of protection from magic

@: somewhat resistant to hostile enchantments, extremely unstealthy
A: retaliatory headbutt, horns 2
a: Evoke Invisibility


You were on level 3 of the Dungeon.
You were hungry.

You visited 1 branch of the dungeon, and saw 3 of its levels.

You collected 150 gold pieces.

Inventory:

Hand weapons
 a - a +0 flail (weapon)
Armour
 b - a +0 scale mail (worn)
 c - a +1 shield (worn)
Jewellery
 i - a ring of invisibility (right hand)
 r - a ring of protection from magic (left hand)
Scrolls
 j - a scroll of fog {unknown}
 l - a scroll of random uselessness {unknown}
 n - 3 scrolls of identify {unknown}
 p - 2 scrolls of teleportation {unknown}
 u - a scroll of fear {unknown}
 v - a scroll of noise {unknown}
Potions
 e - a potion of might
 k - a potion of invisibility {unknown}
 m - a potion of resistance {unknown}
 o - a potion of restore abilities {unknown}
 q - a potion of cure mutation {unknown}
 s - a potion of cancellation {unknown}
 t - 2 potions of curing {unknown}
Books
 w - a book of Envenomations

   Spells                             Type                      Level
   a - Spider Form                    Transmutation/Poison         3
   b - Alistair's Intoxication        Transmutation/Poison         4
   c - Olgreb's Toxic Radiance        Poison                       4
   d - Poisonous Cloud                Conjuration/Poison/Air       6
Comestibles
 d - a bread ration
 f - a slice of pizza
 g - 5 meat rations
 h - 5 chunks of flesh


   Skills:
 + Level 4.0 Fighting
 * Level 3.8 Maces & Flails
 + Level 4.4 Armour
 + Level 2.0 Dodging
 + Level 4.3 Shields


You had 3 spell levels left.
You didn't know any spells.

Dungeon Overview and Level Annotations

Branches:
Dungeon (3/15)

Altars:


Innate Abilities, Weirdness & Mutations

You reflexively headbutt those who attack you in melee.
You have a pair of horns on your head.


Message History

Your scale mail prevents you from hitting the orc priest.
The orc priest is moderately wounded.
You block the orc priest's attack. You block the worm's attack.
The orc priest hits you.
* * * LOW HITPOINT WARNING * * *
The orc priest hits you but does no damage.
You are too injured to fight recklessly!
You are too injured to fight recklessly!
You are too injured to fight recklessly!
You are too injured to fight recklessly!
You are too injured to fight recklessly!
You are too injured to fight recklessly!
You are too injured to fight recklessly!
You are too injured to fight recklessly!
You are too injured to fight recklessly!
You closely miss the orc priest.
The orc priest is moderately wounded.
The orc priest calls down the wrath of Beogh upon you.
Something smites you!
You die...

... #(.......
#........ +....... .
#......# ). #......#
... ####......## ....
.......o)w..#######
..... #..o@.........#
....
#.............######.
#....................
#....................
#...............[....
##.##................
#. #................
#. #+###########....
#....


You could see a worm and 2 orc priests.

Vanquished Creatures
  3 adders
  A giant mite (D:2)
  5 worms
  2 giant geckos
  An orc (D:3)
  6 bats
  5 goblins
  7 hobgoblins
  6 jackals
  A quokka (D:3)
  2 giant cockroaches
  3 giant newts
  10 kobolds
  6 rats
58 creatures vanquished.

Notes
Turn   | Place    | Note
--------------------------------------------------------------
     0 | D:1      | Stanley, the Minotaur Fighter, began the quest for the Orb.
     0 | D:1      | Reached XP level 1. HP: 19/19 MP: 1/1
   243 | D:1      | Reached XP level 2. HP: 27/27 MP: 1/1
   664 | D:1      | You fall through a shaft!
   671 | D:2      | Reached skill level 4 in Armour
   671 | D:2      | Reached XP level 3. HP: 33/33 MP: 2/2
   713 | D:2      | Reached skill level 1 in Dodging
  1041 | D:2      | Reached XP level 4. HP: 40/40 MP: 2/2
  1634 | D:3      | Killed from afar by an orc priest

Action                   |  1- 3 |  4- 6 || total
-------------------------+-------+-------++-------
Melee: Flail             |    84 |    46 ||   130
  Use: Scroll            |       |     1 ||     1
  Eat: Chunk             |     1 |     1 ||     2
